 Dungeon Crawl Stone Soup version 0.19.1-1-g22dce08 (webtiles) character file.

1282 Lahna the Carver (level 8, -11/70 HPs)
             Began as a Minotaur Fighter on Jan 17, 2017.
             Was a Follower of Okawaru.
             Mangled by an orc warrior
             ... wielding a +0 mace
              (12 damage)
             ... on level 6 of the Dungeon.
             The game lasted 00:12:11 (5527 turns).

Lahna the Carver (Minotaur Fighter)                 Turns: 5527, Time: 00:12:12

Health: -11/70     AC:  8    Str: 25    XL:     8   Next: 29%
Magic:  9/9        EV:  8    Int:  5    God:    Okawaru [*.....]
Gold:   392        SH: 10    Dex: 13    Spells: 0 memorised, 7 levels left

rFire  . . .     SeeInvis .     a - +0 long sword
rCold  . . .     Gourm    .     b - +0 scale mail
rNeg   . . .     Faith    .     c - +0 shield
rPois  .         Spirit   .     (helmet restricted)
rElec  .         Reflect  .     (no cloak)
rCorr  +         Harm     .     r - +0 pair of gloves
MR     .....                    (no boots)
Stlth  ..........               (no amulet)
                                y - ring of wizardry
                                l - ring of resist corrosion

@: mighty, marked
A: retaliatory headbutt, horns 2
a: Heroism, Renounce Religion


You were on level 6 of the Dungeon.
You worshipped Okawaru.
Okawaru was aware of your devotion.
You were not hungry.

You visited 1 branch of the dungeon, and saw 6 of its levels.

You collected 392 gold pieces.

Inventory:

Hand Weapons
 a - a +0 long sword (weapon)
 I - a +0 shortbow
Missiles
 J - 85 arrows
Armour
 b - a +0 scale mail (worn)
 c - a +0 shield (worn)
 r - a +0 pair of gloves (worn)
Jewellery
 l - a ring of resist corrosion (left hand)
 y - a ring of wizardry (right hand)
Scrolls
 e - a scroll of blinking {unknown}
 g - 4 scrolls of identify
 m - 4 scrolls of amnesia {unknown}
 s - 2 scrolls of noise {unknown}
 u - a scroll of enchant weapon {unknown}
 v - 2 scrolls of enchant armour {unknown}
 w - 3 scrolls of remove curse
 x - 4 scrolls of teleportation {unknown}
 E - a scroll of fog {unknown}
 F - a scroll of magic mapping {unknown}
 H - a scroll of fear {unknown}
Potions
 d - a potion of might
 i - a potion of brilliance {unknown}
 j - a potion of magic {unknown}
 n - 2 potions of heal wounds {unknown}
 p - 2 potions of haste {unknown}
 q - 2 potions of mutation {unknown}
 t - 5 potions of curing
 z - a potion of berserk rage {unknown}
 A - a potion of degeneration {unknown}
 B - a potion of ambrosia {unknown}
 C - a potion of lignification {unknown}
 D - a potion of invisibility {unknown}
 K - a potion of agility {unknown}
Books
 h - a book of Necromancy

   Spells                             Type                      Level
   a - Pain                           Necromancy                   1
   b - Animate Skeleton               Necromancy                   1
   c - Vampiric Draining              Necromancy                   3
   d - Regeneration                   Charms/Necromancy            3
   e - Animate Dead                   Necromancy                   4
   f - Control Undead                 Necromancy                   4
 G - a book of Misfortune

   Spells                             Type                      Level
   a - Confusing Touch                Hexes                        1
   b - Confuse                        Hexes                        3
   c - Gell's Gravitas                Hexes/Translocation          3
   d - Petrify                        Transmutation/Earth          4
   e - Metabolic Englaciation         Hexes/Ice                    5
   f - Yara's Violent Unravelling     Hexes/Transmutation          5
Comestibles
 f - 6 bread rations
 k - 2 beef jerkies
 o - 5 meat rations
 L - 4 chunks of flesh


   Skills:
 - Level 6.1 Fighting
 + Level 8.9 Long Blades
 - Level 5.1 Armour
 - Level 5.4 Shields
 - Level 3.0 Invocations


You had 7 spell levels left.
You didn't know any spells.

Dungeon Overview and Level Annotations

Branches:
Dungeon (6/15)             Temple (0/1) D:5

Altars:
Okawaru
Xom
The Shining One


Innate Abilities, Weirdness & Mutations

You reflexively headbutt those who attack you in melee.
You have a pair of horns on your head.


Message History

The two-headed ogre hits you with a giant spiked club!
The two-headed ogre barely misses you.
You hit the orc warrior but do no damage.
Your headbutt misses the orc warrior.
The two-headed ogre hits you with a giant spiked club!
* * * LOW HITPOINT WARNING * * *
The two-headed ogre hits you but does no damage.
You feel very mighty all of a sudden. The orc warrior hits you with a mace.
* * * LOW HITPOINT WARNING * * *
You block the two-headed ogre's attack.
The two-headed ogre hits you but does no damage.
You closely miss the orc warrior. You block the orc warrior's attack.
You block the two-headed ogre's attack.
The two-headed ogre hits you with a giant club!
* * * LOW HITPOINT WARNING * * *
You slash the two-headed ogre!
The two-headed ogre is severely wounded.
The orc warrior hits you with a mace!
You die...

#####+###
#.......#
#.......#
#....8..'
#.....[.#
#.......#
###O###+###
#..@# ##.o#
##.# ## . #.#
.####.. ##.#
.......
#..#######.....
#.#..#.##.....
. #.##.....#..#
... ##
#.###..).#.....


You could see a two-headed ogre and an orc warrior.

Vanquished Creatures
  Menkaure (D:4)
  A sky beast (D:6)
  2 ogres
  2 centaurs (D:5)
  A howler monkey (D:5)
  2 crimson imps (D:5)
  A bullfrog zombie (D:5)
  A hound (D:5)
  An orc priest (D:4)
  5 orc wizards
  2 iguanas (D:4)
  6 worker ants
  2 hound skeletons
  7 adders
  2 shadow imps (D:5)
  An adder skeleton (D:4)
  A worm (D:4)
  A dart slug (D:4)
  4 leopard geckos
  8 orcs
  9 bats
  4 giant cockroaches
  3 goblins
  6 hobgoblins
  3 jackals (D:5)
  2 quokkas (D:4)
  6 frilled lizards
  A jackal skeleton (D:4)
  6 kobolds
  7 rats
98 creatures vanquished.

Vanquished Creatures (others)
  An orc wizard (D:4)
1 creature vanquished.

Grand Total: 99 creatures vanquished

Notes
Turn   | Place    | Note
-------+----------+-------------------------------------------
     0 | D:1      | Lahna the Minotaur Fighter began the quest for the Orb.
     0 | D:1      | Reached XP level 1. HP: 19/19 MP: 0/0
   160 | D:1      | Reached skill level 3 in Long Blades
   303 | D:1      | Reached XP level 2. HP: 26/26 MP: 1/1
   866 | D:2      | Reached skill level 4 in Long Blades
   866 | D:2      | Reached XP level 3. HP: 31/31 MP: 2/2
  1554 | D:3      | Reached skill level 5 in Long Blades
  1874 | D:3      | Reached XP level 4. HP: 39/39 MP: 3/3
  2131 | D:4      | Noticed an ogre
  2137 | D:4      | Killed an ogre
  2137 | D:4      | Reached skill level 6 in Long Blades
  2137 | D:4      | Reached XP level 5. HP: 8/45 MP: 4/4
  2596 | D:4      | Reached XP level 6. HP: 24/55 MP: 5/5
  2608 | D:4      | Reached skill level 5 in Fighting
  2826 | D:4      | Found a glowing golden altar of the Shining One.
  2985 | D:4      | Found an iron altar of Okawaru.
  2986 | D:4      | Found a shimmering altar of Xom.
  3011 | D:4      | Became a worshipper of Warmaster Okawaru
  3211 | D:4      | Noticed Menkaure
  3225 | D:4      | Killed Menkaure
  3273 | D:4      | Reached XP level 7. HP: 37/61 MP: 6/6
  3870 | D:5      | Entered Level 5 of the Dungeon
  3893 | D:5      | Reached skill level 5 in Shields
  4065 | D:5      | Reached skill level 5 in Armour
  4143 | D:5      | Reached skill level 7 in Long Blades
  4492 | D:5      | Reached * piety under Okawaru
  4725 | D:5      | Reached skill level 1 in Invocations
  4789 | D:5      | Reached XP level 8. HP: 31/70 MP: 6/9
  4994 | D:5      | Found a staircase to the Ecumenical Temple.
  5313 | D:6      | Reached skill level 8 in Long Blades
  5514 | D:6      | Noticed a two-headed ogre
  5526 | D:6      | HP: 1/70 [two-headed ogre/giant spiked club (13)]
  5527 | D:6      | Mangled by an orc warrior

Skill      XL: |  1  2  3  4  5  6  7  8 |
---------------+-------------------------+-----
Long Blades    | 3 4 5 6 7 8 |  8.9
Fighting       | 4 5 6 |  6.1
Armour         | 4 5 |  5.1
Shields        | 4 5 |  5.4
Invocations    | 3 |  3.0

Action                   |  1- 3 |  4- 6 |  7- 9 || total
-------------------------+-------+-------+-------++-------
Melee: Long sword        |    99 |    76 |   160 ||   335
       Headbutt          |     7 |    11 |    28 ||    46
  Use: Scroll            |     2 |     1 |       ||     3
       Potion            |     1 |       |     1 ||     2
  Eat: Chunk             |     3 |     5 |     7 ||    15
Armor: Scale mail        |    53 |    33 |    45 ||   131
Dodge: Dodged            |    37 |     9 |    35 ||    81
Block: Shield            |    55 |    34 |    58 ||   147
       Rpst.: Long sword |    14 |     3 |    12 ||    29
